 Dungeon Crawl Stone Soup version 0.21.1-1-g345015f (webtiles) character file.

1892 prawnwizard the Arsonist (level 8, -8/41 HPs)
             Began as a Deep Elf Fire Elementalist on July 2, 2018.
             Was a Believer of Vehumet.
             Killed by divine providence
             ... invoked by an orc priest
              (14 damage)
             ... on level 7 of the Dungeon.
             The game lasted 00:27:20 (7765 turns).

prawnwizard the Arsonist (DEFE)                     Turns: 7765, Time: 00:27:21

Health: -8/41      AC:  4    Str:  5    XL:     8   Next: 93%
Magic:  7/29       EV: 16    Int: 23    God:    Vehumet [**....]
Gold:   347        SH:  0    Dex: 15    Spells: 11/21 levels left

rFire    . . .     SeeInvis .   s - staff of wizardry
rCold    . . .     Gourm    .   (no shield)
rNeg     . . .     Faith    .   a - +0 robe
rPois    .         Spirit   .   z - +1 helmet
rElec    .         Reflect  .   (no cloak)
rCorr    .         Harm     .   (no gloves)
MR       .....                  (no boots)
Stlth    ++........             (no amulet)
HPRegen  0.13/turn              m - ring of magical power
MPRegen  0.21/turn              r - ring of wizardry

@: no status effects
A: no striking features
a: Renounce Religion


You were on level 7 of the Dungeon.
You worshipped Vehumet.
Vehumet was pleased with you.
You were not hungry.

You visited 2 branches of the dungeon, and saw 8 of its levels.
You also visited: Ossuary.

You collected 347 gold pieces.

Inventory:

Hand Weapons
 k - a +2 dagger of draining
Armour
 a - a +0 robe (worn)
 z - a +1 helmet (worn)
Magical Staves
 s - an uncursed staff of wizardry (weapon)
Jewellery
 m - a ring of magical power (left hand)
 r - a ring of wizardry (right hand)
Wands
 n - a wand of clouds (2)
 y - a wand of paralysis (4)
Scrolls
 d - a scroll of identify
 e - 12 scrolls of teleportation
 f - a scroll of blinking {unknown}
 i - 4 scrolls of remove curse
 t - 2 scrolls of amnesia
Potions
 g - 4 potions of invisibility
 j - a potion of berserk rage {unknown}
 l - a potion of resistance
 o - 4 potions of curing
 p - a potion of might
 q - a potion of ambrosia
 v - 2 potions of brilliance
 w - a potion of degeneration {unknown}
 x - a potion of cancellation
Books
 b - a book of Flames

   Spells                             Type                      Level
   a - Flame Tongue                   Conjuration/Fire             1
   b - Throw Flame                    Conjuration/Fire             2
   c - Conjure Flame                  Conjuration/Fire             3
   d - Inner Flame                    Hexes/Fire                   3
   e - Sticky Flame                   Conjuration/Fire             4
   f - Fireball                       Conjuration/Fire             5
 A - a book of Air

   Spells                             Type                      Level
   a - Shock                          Conjuration/Air              1
   b - Swiftness                      Charms/Air                   2
   c - Static Discharge               Conjuration/Air              3
   d - Airstrike                      Air                          4
   e - Lightning Bolt                 Conjuration/Air              5
Comestibles
 c - 17 rations


   Skills:
 - Level 1.3 Short Blades
 + Level 6.6 Dodging
 - Level 2.4 Stealth
 + Level 7.2 Spellcasting
 + Level 5.5 Conjurations
 * Level 8.7 Fire Magic


You had 11 spell levels left.
You knew the following spells:

 Your Spells              Type           Power        Failure   Level  Hunger
a - Flame Tongue          Conj/Fire      #####        1%          1    None
b - Throw Flame           Conj/Fire      #####.       1%          2    None
c - Sticky Flame          Conj/Fire      #####...     1%          4    ###....
d - Conjure Flame         Conj/Fire      #####...     1%          3    None


Dungeon Overview and Level Annotations

Branches:
Dungeon (7/15)             Temple (1/1) D:4

Altars:
Ashenzari
Cheibriados
Dithmenos
Elyvilon
Fedhas
Gozag
Hepliaklqana
Kikubaaqudgha
Makhleb
Nemelex Xobeh
Okawaru
Qazlal
Ru
Sif Muna
Trog
Uskayaw
Vehumet
Wu Jian
Xom
Yredelemnul
Zin
The Shining One

Annotations:
D:6 2 transporters


Message History

The flame tongue hits the orc warrior.
The orc warrior appears unharmed.
The orc warrior is almost dead.
Casting: Flame Tongue
Confirm with . or Enter, or press ? or * to list all spells.
Aiming: Flame Tongue
Press: ? - help, Shift-Dir - straight line, f/p - orc warrior
Aim: an orc warrior, wielding a war axe and wearing a plate armour (almost dead)
The flame tongue hits the orc warrior.
The orc warrior appears unharmed.
The orc warrior is almost dead.
The orc priest mumbles some strange prayers to Beogh against you.
Beogh smites you!
* * * LOW HITPOINT WARNING * * *
There is an open door here.
The orc wizard mumbles some strange words.
The orc wizard blinks!
You close the door.
An orc warrior opens the door.
The orc priest mumbles some strange prayers to Beogh against you.
Beogh smites you!
You die...

##.......#......
#.###.#######.#...
#..........#....###
#####.####.#....#
#.# #.#....#
######'####.#....#
#................#
#.......###......#
#.....@.#####oo.##
#.......'oooo†..#
#.).....#####o..#
#.......# #.###
####+#### #o.......
#.o...... #..oo.o..
#........ ...o.....


You could see an orc warrior, an orc priest, an orc wizard and 2 orcs.

Vanquished Creatures
  Pikel (D:5)
  2 orc warriors
  An ogre (D:5)
  2 centaurs
  A phantom (D:6)
  A big kobold (D:3)
  2 scorpions (D:6)
  A bullfrog zombie (D:5)
  2 orc priests (D:5)
  3 hounds (D:5)
  Crazy Yiuf (D:2)
  3 jellies
  2 orc wizards
  2 bullfrog skeletons
  2 worker ants
  2 iguanas (D:6)
  A mummy (Ossuary)
  Robin (D:2)
  5 adders
  3 gnolls (D:2)
  2 shadow imps
  2 oozes
  3 adder skeletons
  2 worms
  3 dart slugs
  4 leopard geckos
  14 orcs
  4 bats
  6 giant cockroaches
  17 goblins
  8 hobgoblins
  7 jackals
  16 kobolds
  7 quokkas
  3 ball pythons
  3 frilled lizards
  4 kobold skeletons (Ossuary)
  A leopard gecko zombie (D:7)
  5 orc skeletons (Ossuary)
  3 quokka skeletons
  9 rats
161 creatures vanquished.

Vanquished Creatures (others)
  A crimson imp (D:5)
  A howler monkey zombie (D:5)
  A plant (D:1)
3 creatures vanquished.

Grand Total: 164 creatures vanquished

Notes
Turn   | Place    | Note
-------+----------+-------------------------------------------
     0 | D:1      | prawnwizard the Deep Elf Fire Elementalist began the quest for the Orb.
     0 | D:1      | Reached XP level 1. HP: 10/10 MP: 6/6
   118 | D:1      | Reached XP level 2. HP: 14/15 MP: 2/8
   989 | D:1      | Reached XP level 3. HP: 19/19 MP: 5/9
  1130 | D:1      | Learned a level 2 spell: Throw Flame
  1319 | D:2      | Reached skill level 4 in Fire Magic
  1352 | D:2      | Reached XP level 4. HP: 13/24 MP: 0/11
  1740 | D:2      | HP: 1/24 [poisoned by a kobold]
  2060 | D:2      | Reached skill level 1 in Short Blades
  2271 | D:2      | Noticed Robin
  2287 | D:2      | Killed Robin
  2292 | D:2      | Reached XP level 5. HP: 20/28 MP: 1/12
  2385 | D:2      | Found a runed door.
  2507 | D:2      | Noticed Crazy Yiuf
  2518 | D:2      | Killed Crazy Yiuf
  2996 | D:3      | Learned a level 4 spell: Sticky Flame
  3000 | D:3      | Learned a level 3 spell: Conjure Flame
  3395 | D:3      | Reached skill level 5 in Fire Magic
  3690 | D:3      | Reached XP level 6. HP: 32/32 MP: 12/14
  4112 | D:4      | Found a staircase to the Ecumenical Temple.
  4139 | D:4      | Found a sand-covered staircase.
  4154 | Temple   | Entered the Ecumenical Temple
  4214 | Temple   | Became a worshipper of Vehumet
  4515 | Ossuary  | Entered an ossuary
  4515 | Ossuary  | Noticed a wraith
  4515 | Ossuary  | Noticed a wraith
  4515 | Ossuary  | Noticed a wraith
  4633 | Ossuary  | Noticed a wraith
  4948 | D:5      | Entered Level 5 of the Dungeon
  5190 | D:5      | Reached * piety under Vehumet
  5190 | D:5      | Offered knowledge of Freeze by Vehumet.
  5287 | D:5      | Reached skill level 5 in Spellcasting
  5287 | D:5      | Reached skill level 6 in Fire Magic
  5287 | D:5      | Reached XP level 7. HP: 36/36 MP: 5/16
  5489 | D:5      | Found a basalt altar of Yredelemnul.
  6129 | D:5      | Noticed Pikel
  6137 | D:5      | Killed Pikel
  6137 | D:5      | Reached skill level 5 in Dodging
  6137 | D:5      | Reached skill level 7 in Fire Magic
  6137 | D:5      | Reached XP level 8. HP: 41/41 MP: 7/19
  6647 | D:6      | Found a transporter.
  6652 | D:6      | Noticed a troll
  6653 | D:6      | Noticed a troll
  6696 | D:6      | Reached skill level 5 in Conjurations
  6767 | D:6      | Found a transporter.
  6767 | D:6      | Found a hazy altar of Hepliaklqana.
  6982 | D:6      | Reached skill level 8 in Fire Magic
  7510 | D:6      | Offered knowledge of Searing Ray by Vehumet.
  7711 | D:7      | Reached ** piety under Vehumet
  7765 | D:7      | Killed from afar by an orc priest

Skill      XL: |  1  2  3  4  5  6  7  8 |
---------------+-------------------------+-----
Fire Magic     | 4 5 6 7 8 |  8.7
Dodging        | 3 4 5 6 |  6.6
Conjurations   | 2 3 4 5 |  5.5
Short Blades   | 1 |  1.3
Spellcasting   | 4 5 6 7 |  7.2
Stealth        | |  2.4

Action                   |  1- 3 |  4- 6 |  7- 9 || total
-------------------------+-------+-------+-------++-------
Melee: Unarmed           |    47 |       |       ||    47
       Dagger            |     8 |    75 |    81 ||   164
 Cast: Flame Tongue      |    41 |   161 |   118 ||   320
       Throw Flame       |     3 |     9 |     9 ||    21
       Sticky Flame      |       |     2 |    11 ||    13
       Conjure Flame     |       |     1 |     2 ||     3
  Use: Scroll            |       |       |    15 ||    15
  Eat: Chunk             |       |    11 |     8 ||    19
       Ration            |       |     1 |       ||     1
Armor: Robe              |     2 |    10 |    20 ||    32
Dodge: Dodged            |    18 |    76 |    97 ||   191
